 Dungeon Crawl Stone Soup version 0.29-a0-231-g945431f764 (webtiles) character file.

Game seed: 11429763119773543701

324 Hasart the Shooter (level 6, 0/51 HPs)
             Began as a Demigod Hunter on Feb 28, 2022.
             Slain by Duvessa
             ... wielding a +2 short sword of flaming
              (4 damage)
             ... on level 4 of the Dungeon.
             The game lasted 00:04:43 (3302 turns).

Hasart the Shooter (Demigod Hunter)                 Turns: 3302, Time: 00:04:44

Health: 0/51       AC:  8    Str: 13    XL:     6   Next: 2%
Magic:  8/8        EV: 13    Int: 13    God:
Gold:   225        SH:  0    Dex: 22    Spells: 5/5 levels left

rFire   . . .      SeeInvis .   a - +1 shortbow
rCold   . . .      Faith    .   (shield currently unavailable)
rNeg    . . .      Spirit   .   b - +0 leather armour
rPois   .          Reflect  .   k - +2 helmet
rElec   .          Harm     .   o - +0 cloak
rCorr   .          Rampage  .   (no gloves)
Will    .....                   f - +0 pair of boots
Stlth   ++........              (no amulet)
HPRegen 0.17/turn               (no ring)
MPRegen 0.11/turn               (no ring)

@: no status effects
A: high MP 1, forlorn, divine attributes
a: no special abilities


You were on level 4 of the Dungeon.
You visited 1 branch of the dungeon, and saw 4 of its levels.

You collected 225 gold pieces.

Inventory:

Hand Weapons
 a - a +1 shortbow (weapon)
Armour
 b - a +0 leather armour (worn)
 f - a +0 pair of boots (worn)
 k - a +2 helmet (worn)
 o - a +0 cloak (worn)
Jewellery
 h - a +6 ring of dexterity
Wands
 r - a wand of digging (4)
Scrolls
 d - a scroll of enchant weapon {unknown}
 e - a scroll of fear {unknown}
 i - 2 scrolls of teleportation {unknown}
 j - a scroll of immolation
 l - 6 scrolls of identify {unknown}
 n - a scroll of amnesia {unknown}
Potions
 c - 2 potions of heal wounds {unknown}
 g - 3 potions of curing {unknown}
 m - a potion of degeneration {unknown}
 p - a potion of mutation {unknown}
 q - a potion of might {unknown}


   Skills:
 + Level 3.0 Fighting
 * Level 5.2 Bows
 + Level 3.1 Dodging
 + Level 2.6 Stealth


You had 5 spell levels left.
You didn't know any spells.
Your spell library contained the following spells:

 Spells                   Type           Power      Damage    Failure   Level
 Shock                    Conj/Air       0%         1d3       36%         1
 Swiftness                Air            0%         N/A       75%         3
 Airstrike                Air            0%         N/A       98%         4
 Leda's Liquefaction      Hex/Erth       0%         N/A       98%         4
 Lee's Rapid Deconstruct  Erth           0%         3d5*      100%        5
 Statue Form              Tmut/Erth      0%         N/A       100%        6


Dungeon Overview and Level Annotations

Branches:
Dungeon (4/15)
 Temple: D:4-7

Annotations:
D:3 1 runed translucent door, Zgarb's ghost, amateur TeHu
D:4 Duvessa


Innate Abilities, Weirdness & Mutations

You have an increased reservoir of magic. (+10% MP)
You shall have no god before yourself.
Your divine heritage dramatically boosts your attributes as you level up.


Message History

You shoot an arrow. The arrow hits Duvessa!
Duvessa is heavily wounded.
Duvessa completely misses you.
Duvessa hits you with a +2 short sword of flaming!
Duvessa burns you.
Shoot: a) +1 shortbow
Press: ? - help, Q - select action Shift-Dir - straight line, f/p - Duvessa
Aim: Duvessa, wielding a +2 short sword of flaming and wearing a +0 leather armour (heavily wounded, berserk, 70% to hit)
You shoot an arrow. The arrow hits Duvessa.
Duvessa is heavily wounded.
Duvessa hits you with a +2 short sword of flaming!
Duvessa burns you. Duvessa closely misses you.
Unknown command.
Shoot: a) +1 shortbow
Press: ? - help, Q - select action Shift-Dir - straight line, f/p - Duvessa
Aim: Duvessa, wielding a +2 short sword of flaming and wearing a +0 leather armour (heavily wounded, berserk, 70% to hit)
You shoot an arrow.
The arrow hits Duvessa but does no damage.
Duvessa is heavily wounded.
Duvessa barely misses you. Duvessa closely misses you.
Unknown command.
Shoot: a) +1 shortbow
Press: ? - help, Q - select action Shift-Dir - straight line, f/p - Duvessa
Aim: Duvessa, wielding a +2 short sword of flaming and wearing a +0 leather armour (heavily wounded, berserk, 70% to hit)
You shoot an arrow. The arrow hits Duvessa.
Duvessa is severely wounded.
Duvessa barely misses you.
Duvessa hits you with a +2 short sword of flaming!
Duvessa burns you.
* * * LOW HITPOINT WARNING * * *
Unknown command.
Shoot: a) +1 shortbow
Press: ? - help, Q - select action Shift-Dir - straight line, f/p - Duvessa
Aim: Duvessa, wielding a +2 short sword of flaming and wearing a +0 leather armour (severely wounded, berserk, 70% to hit)
You shoot an arrow. The arrow hits Duvessa.
Duvessa is severely wounded.
Duvessa hits you with a +2 short sword of flaming!
* * * LOW HITPOINT WARNING * * *
Duvessa burns you.
You die...

####....#.#.#
#.(...#.#.######
##.............#
##.##########.#
#.# ####.#####
#.# #........#
#+# #.##)###.# #
#.# #@# #...e#
#..... .......#
###....## #....)
#..### #..


You could see Duvessa (berserk).

Vanquished Creatures
  A necrophage (D:4)
  A scorpion (D:3)
  Dowan (D:4)
  An orc wizard (D:3)
  Robin (D:4)
  2 adders
  4 worms
  3 dart slugs
  4 orcs (D:3)
  9 bats
  7 endoplasms
  A giant cockroach (D:2)
  7 hobgoblins
  7 jackals
  2 quokkas
  A ball python (D:4)
  3 frilled lizards
  18 goblins
  5 kobolds
  2 rats (D:3)
80 creatures vanquished.

Notes
Turn   | Place    | Note
-------+----------+-------------------------------------------
     0 | D:1      | Hasart the Demigod Hunter began the quest for the Orb.
     0 | D:1      | Reached XP level 1. HP: 17/17 MP: 3/3
   101 | D:1      | Reached skill level 1 in Stealth
   525 | D:1      | Reached XP level 2. HP: 23/24 MP: 4/4
  1139 | D:2      | Reached skill level 4 in Bows
  1178 | D:2      | Reached XP level 3. HP: 29/29 MP: 5/5
  2092 | D:3      | Reached XP level 4. HP: 25/37 MP: 6/6
  2382 | D:3      | Found a runed translucent door.
  2383 | D:3      | Noticed Zgarb's ghost (amateur TeHu)
  2683 | D:3      | Reached XP level 5. HP: 42/42 MP: 7/7
  2866 | D:4      | Reached skill level 5 in Bows
  2991 | D:4      | Noticed Robin
  3000 | D:4      | Killed Robin
  3112 | D:4      | Noticed Dowan
  3115 | D:4      | Killed Dowan
  3116 | D:4      | Reached XP level 6. HP: 40/51 MP: 8/8
  3293 | D:4      | Noticed Duvessa
  3302 | D:4      | Slain by Duvessa

Illustrated notes

Levels and vault maps discovered:
D:1:      kennysheep_arrival_seaside, layout_basic
D:2:      layout_loops_ring
D:3:      layout_loops_ring, ebering_ghost_inner_flame,
          chequers_ecumenical_altar_simple_redux
D:4:      cheibrodos_barr_body, layout_loops_corners, uniq_ijyb, uniq_duvessa,
          uniq_pikel, uniq_robin

Skill      XL: |  1  2  3  4  5 |
---------------+----------------+-----
Stealth        | 1 2 |  2.6
Fighting       | 2 3 |  3.0
Dodging        | 2 3 |  3.1
Bows           | 4 5 |  5.2

Action                   |  1- 3 |  4- 6 || total
-------------------------+-------+-------++-------
 Fire: Shortbow          |   159 |   110 ||   269
Armor: Leather armour    |    32 |    20 ||    52
Dodge: Dodged            |    44 |    39 ||    83

Table legend: (Time is in decaauts)
 A = Elapsed time spent in this place.
 B = Non-inter-level travel time spent in this place.
 C = Inter-level travel time spent in this place.
 D = Time resting spent in this place.
 E = Time spent auto-exploring this place.
 F = Levels seen in this place.
 G = Mean time per level.
                   A        B        C        D        E       F      G
               +--------+--------+--------+--------+--------+-----+--------+
         Total |   3390 |   3333 |     57 |    158 |   2663 |   4 |  847.5 |
       Dungeon |   3390 |   3333 |     57 |    158 |   2663 |   4 |  847.5 |
               +--------+--------+--------+--------+--------+-----+--------+

Top non-repeatable levels by time:
     D:1: 1063 daAuts
     D:3: 1059 daAuts
     D:2: 750 daAuts
     D:4: 516 daAuts
